 Dungeon Crawl Stone Soup version 0.21.1-1-g345015f (webtiles) character file.

23 Amnesiac the Magician (level 2, -3/19 HPs)
             Began as a Mummy Necromancer on Mar 12, 2018.
             Slain by an orc
             ... wielding a +0 flail
              (5 damage)
             ... on level 4 of the Dungeon.
             The game lasted 00:02:35 (753 turns).

Amnesiac the Magician (Mummy Necromancer)            Turns: 753, Time: 00:02:36

Health: -3/19      AC:  2    Str: 11    XL:     2   Next: 75%
Magic:  6/7        EV: 12    Int: 14    God:
Gold:   53         SH:  0    Dex: 12    Spells: 8/9 levels left

rFire    x . .     SeeInvis .   (no weapon)
rCold    + . .     Gourm    .   (no shield)
rNeg     + + +     Faith    .   a - +0 robe
rPois    ∞         Spirit   .   (no helmet)
rElec    .         Reflect  .   (no cloak)
rCorr    .         Harm     .   (no gloves)
MR       .....                  (no boots)
Stlth    ++........             (no amulet)
HPRegen  0.06/turn              (no ring)
MPRegen  0.10/turn              (no ring)

@: marked, very slightly contaminated
A: no food or potions, fire vulnerability, cold resistance 1, negative energy
resistance 3, torment resistance, unbreathing
a: no special abilities


You were on level 4 of the Dungeon.
You were not hungry.

You visited 1 branch of the dungeon, and saw 4 of its levels.

You collected 53 gold pieces.

Inventory:

Missiles
 d - a throwing net (quivered)
 f - 7 needles of confusion
Armour
 a - a +0 robe (worn)
Scrolls
 e - a scroll of identify {!r}
Books
 b - a book of Necromancy

   Spells                             Type                      Level
   a - Pain                           Necromancy                   1
   b - Animate Skeleton               Necromancy                   1
   c - Vampiric Draining              Necromancy                   3
   d - Regeneration                   Charms/Necromancy            3
   e - Animate Dead                   Necromancy                   4
   f - Borgnjor's Vile Clutch         Necromancy/Earth             5


   Skills:
 - Level 1.5 Dodging
 - Level 1.5 Stealth
 + Level 4.3 Spellcasting
 - Level 4.0 Necromancy


You had 8 spell levels left.
You knew the following spells:

 Your Spells              Type           Power        Failure   Level  Hunger
a - Pain                  Necr           ##..         3%          1    N/A

Dungeon Overview and Level Annotations

Branches:
Dungeon (4/15)
 Temple: D:4-7

Altars:


Innate Abilities, Weirdness & Mutations

You do not eat or drink.
Your flesh is vulnerable to fire.
You are immune to poison.
Your flesh is cold resistant. (rC+)
You are immune to negative energy. (rN+++)
You are immune to unholy pain and torment.
You can survive without breathing.


Message History

Found a dagger.
You see here 8 gold pieces.
Okay, then.
You see here 9 gold pieces.
Found 17 gold pieces.
You see here a dagger.
Found 12 poisoned needles.
The alarm trap emits a blaring wail!
A sentinel's mark forms upon you.
The worker ant twitches its antennae in your direction.
You hear a shout!
You hear an angry hiss.
You hear a shout!
You hear an angry hiss.
You hear a bark!
You hear an angry hiss.
You hear a shout! x5
The worker ant falls through a shaft!
The shaft crumbles and collapses.
You hear a shout!
You hear a shout! x3
The hound barely misses you. The hound bites you.
An orc comes into view.
An adder comes into view.
The hound closely misses you.
Really read
g - a scroll labeled IPTOKI WYJESCH {!r}? [Y]es or [N]o only, please.
Really read
g - a scroll labeled IPTOKI WYJESCH {!r}?
As you read the scroll labeled IPTOKI WYJESCH {!r}, it crumbles to dust.
It is a scroll of enchant weapon.
You aren't carrying any weapons that can be enchanted.
The hound bites you. The adder bites you.
Really read
e - 2 scrolls labeled HOUQIL TI VOU {!r}?
As you read the scroll labeled HOUQIL TI VOU {!r}, it crumbles to dust.
It is a scroll of identify.
h - a scroll of blinking {!r} The hound closely misses you.
The adder barely misses you. The hound bites you but does no damage.
The orc hits you.
* * * LOW HITPOINT WARNING * * *
The adder barely misses you.
Really read
h - a scroll of blinking {!r}?
Blink to where?
Press: ? - help, Dir - move target cursor You are very lightly contaminated with residual magic.
As you read the scroll of blinking {!r}, it crumbles to dust.
An adder, a jackal, an orc and an orc wizard come into view.
The adder bites you but does no damage. The orc closely misses you.
A frilled lizard comes into view.
Really read
c - a scroll labeled CUQUAPPOALI {!r}?
As you read the scroll labeled CUQUAPPOALI {!r}, it crumbles to dust.
The scroll dissolves into smoke.
It was a scroll of fog {!r}.
The adder misses you. The orc hits you with a flail.
* * * LOW HITPOINT WARNING * * *
The adder closely misses you. The adder barely misses you. The orc misses you.
The frilled lizard bites you.
* * * LOW HITPOINT WARNING * * *
Casting: Pain
Confirm with . or Enter, or press ? or * to list all spells.
Aiming: Pain
Press: ? - help, Shift-Dir - straight line, f - frilled lizard
Aim: a frilled lizard (purple smoke, chance to defeat MR: 85%)
The frilled lizard writhes in agony!
You kill the frilled lizard!
The adder barely misses you. The hound misses you.
The orc wizard hits you but does no damage.
The adder barely misses you. The hound misses you.
The orc hits you with a flail.
You die...

###### ##.≈....
##...≈..≈ ##
#.≈..≈.. .# ##..≈(.
.## #...########
..#
##hZ.#.8..8h##..#
#.≈##....$§So§#
##.##$.#.####o@##
#.#..#$.## §§ ##Sh#
#.#.##Z## ..≈##o##
#.#.#..# #$.#ZZ#
#.#.#.Z# ..#..#
#.#.##)## ##.##
#.#..#..## ##Z.#
#.##.##..######..##
#..#.≈##...Z...(##≈


You could see a hound, an orc wizard, 2 adders, 2 orcs, a jackal, a centaur
skeleton and a howler monkey skeleton.

Vanquished Creatures
  3 dart slugs
  A leopard gecko (D:3)
  2 goblins
  3 hobgoblins
  2 bats
  3 frilled lizards
  2 kobolds (D:2)
  A rat (D:2)
17 creatures vanquished.

Notes
Turn   | Place    | Note
-------+----------+-------------------------------------------
     0 | D:1      | Amnesiac the Mummy Necromancer began the quest for the Orb.
     0 | D:1      | Reached XP level 1. HP: 13/13 MP: 4/4
   218 | D:2      | Reached XP level 2. HP: 19/19 MP: 0/6
   753 | D:4      | Slain by an orc

Skill      XL: |  1  2 |
---------------+-------+-----
Spellcasting   | 3 4 |  4.3
Dodging        | |  1.5
Stealth        | |  1.5
Necromancy     | |  4.0

Action                   || total
-------------------------++-------
Melee: Unarmed           ||     6
 Cast: Pain              ||    44
  Use: Scroll            ||     4
Armor: Robe              ||     4
Dodge: Dodged            ||    21
